 Dungeon Crawl Stone Soup version 0.24.0-123-gd5b16e6ec5 (webtiles) character file.

Game seed: 4951408651150226964, levelgen mode: deterministic

282 Froggeryz the Chiller (level 6, -13/52 HPs)
             Began as a Naga Ice Elementalist on Dec 29, 2019.
             Mangled by a mummy (16 damage)
             ... in an ossuary.
             The game lasted 00:06:29 (3318 turns).

Froggeryz the Chiller (Naga Ice Elementalist)       Turns: 3318, Time: 00:06:29

Health: -13/52     AC:  3    Str: 16    XL:     6   Next: 28%
Magic:  18/18      EV: 10    Int: 17    God:
Gold:   169        SH:  0    Dex: 11    Spells: 8/9 levels left

rFire    . . .     SeeInvis +   f - +0 mace
rCold    + . .     Gourm    .   (no shield)
rNeg     . . .     Faith    .   a - +0 robe
rPois    +         Spirit   .   (no helmet)
rElec    .         Reflect  .   (no cloak)
rCorr    .         Harm     .   (no gloves)
MR       .....                  (no barding)
Stlth    ++........             (no amulet)
HPRegen  0.17/turn              e - ring of magical power
MPRegen  0.16/turn              l - ring of protection from cold

@: mighty, very slow
A: large, see invisible, deformed body, poison resistance, slowness 2, slow
metabolism 1, spit poison 1, AC +2
a: Spit Poison


You were in an ossuary.
You were hungry.

You visited 1 branch of the dungeon, and saw 4 of its levels.
You also visited: Ossuary.

You collected 169 gold pieces.

Inventory:

Hand Weapons
 f - a +0 mace (weapon)
Missiles
 p - 7 javelins (quivered)
 q - 3 curare-tipped darts
Armour
 a - a +0 robe (worn)
Jewellery
 e - a ring of magical power (left hand)
 l - a ring of protection from cold (right hand)
 s - an uncursed ring of poison resistance {unknown}
Scrolls
 b - 4 scrolls of identify {unknown}
 d - 2 scrolls of fog {unknown}
 h - 2 scrolls of amnesia {unknown}
 m - 2 scrolls of remove curse {unknown}
 n - 2 scrolls of teleportation {unknown}
 t - a scroll of fear {unknown}
Potions
 g - a potion of might
 i - 4 potions of curing
 j - a potion of lignification {unknown}
 k - a potion of degeneration {unknown}
 r - a potion of heal wounds {unknown}
Comestibles
 c - 4 rations


   Skills:
 - Level 2.0 Fighting
 + Level 3.8 Maces & Flails
 - Level 1.5 Dodging
 - Level 3.0 Stealth
 - Level 2.0 Spellcasting
   Level 1.0 Conjurations
 - Level 5.0 Ice Magic


You had 8 spell levels left.
You knew the following spells:

 Your Spells              Type           Power        Failure   Level  Hunger
a - Freeze                Ice            ###.         2%          1    #......

Your spell library contained the following spells:

 Spells                   Type           Power        Failure   Level  Hunger
 Throw Frost              Conj/Ice       ##....       9%          2    ###....
 Ozocubu's Armour         Chrm/Ice       ##......     21%         3    ###....
 Throw Icicle             Conj/Ice       ##......     50%         4    #####..
 Summon Ice Beast         Ice/Summ       ##......     56%         4    #####..


Dungeon Overview and Level Annotations

Branches:
Dungeon (4/15)            Ossuary (1/1)
 Temple: D:4-7

Altars:
The Shining One

Annotations:
D:2 exclusion: phantom
D:4 Grinder


Innate Abilities, Weirdness & Mutations

You cannot wear boots.
Your serpentine skin is tough. (AC +2)
You have supernaturally acute eyesight. (SInv)
Armour fits poorly on your strangely shaped body.
Your system is resistant to poisons. (rPois)
You cover ground very slowly.
You have a slow metabolism.
You can spit poison.


Message History

You hit the mummy.
The mummy is moderately damaged.
The mummy closely misses you.
The big kobold zombie completely misses you.
You sock the mummy!
You destroy the mummy!
The big kobold zombie hits you.
* * * LOW HITPOINT WARNING * * *
You sock the big kobold zombie!
The big kobold zombie is moderately damaged.
The big kobold zombie barely misses you.
You barely miss the big kobold zombie.
The big kobold zombie is moderately damaged.
The big kobold zombie closely misses you.
You hit the mummy.
The mummy is moderately damaged.
The big kobold zombie hits you.
* * * LOW HITPOINT WARNING * * *
The mummy hits you!
You die...

#####
##@..##
#.MZ..#
#.....#
#.....#
#...Z.#
#..∩..#
#.....#
#..∩..#
#.....#


You could see a mummy and 2 big kobold zombies.

Vanquished Creatures
  A centaur skeleton (D:4)
  Terence (D:2)
  2 mummies (Ossuary)
  13 adders
  4 worms (D:2)
  2 leopard geckos
  An orc (D:4)
  3 ball pythons (D:2)
  2 giant cockroaches
  11 goblins
  6 hobgoblins
  2 jackals (D:1)
  5 kobolds
  3 quokkas
  7 bats
  3 frilled lizards
  12 rats
  A bush (D:1)
  A plant (D:1)
80 creatures vanquished.

Notes
Turn   | Place    | Note
-------+----------+-------------------------------------------
     0 | D:1      | Froggeryz the Naga Ice Elementalist began the quest for the
                  | Orb.
     0 | D:1      | Reached XP level 1. HP: 15/15 MP: 3/3
   350 | D:1      | Reached XP level 2. HP: 21/22 MP: 5/5
  1146 | D:2      | Noticed Terence
  1347 | D:2      | Killed Terence
  1347 | D:2      | Reached skill level 1 in Fighting
  1347 | D:2      | Reached skill level 4 in Ice Magic
  1347 | D:2      | Reached XP level 3. HP: 20/31 MP: 6/6
  1426 | D:2      | Reached XP level 4. HP: 35/38 MP: 7/7
  1478 | D:2      | Noticed a phantom
  1560 | D:2      | Found a glowing golden altar of the Shining One.
  1675 | D:2      | Reached XP level 5. HP: 45/45 MP: 8/8
  1690 | D:2      | Reached skill level 5 in Ice Magic
  2144 | D:3      | Reached skill level 1 in Maces & Flails
  2387 | D:3      | Found a faded altar of an unknown god.
  2938 | D:3      | Reached XP level 6. HP: 52/52 MP: 9/9
  3223 | D:4      | Noticed Grinder
  3227 | D:4      | Paralysed by Grinder for 6 turns
  3292 | D:4      | Found a sand-covered staircase.
  3303 | Ossuary  | Entered an ossuary
  3318 | Ossuary  | Mangled by a mummy

Levels and vault maps discovered:
D:1:      lightli_iron_boxes, layout_rooms, serial_forest,
          infiniplex_forest_end_3, infiniplex_forest_end_2,
          infiniplex_forest_clump_medium, infiniplex_forest_straight_3,
          infiniplex_forest_end_2, infiniplex_forest_clump_curved
D:2:      layout_basic, nicolae_overflow_crystal_walls, minmay_liquid_box,
          minmay_tree_intersection, uniq_terence
D:3:      layout_basic, chequers_ecumenical_altar_island, first_ration
D:4:      layout_cave_pools, kennysheep_mini_moat,
          minmay_temple_entry_antechambers, enter_ossuary_3, nrook_mini_vaults,
          grunt_ministairs_7, uniq_grinder
Ossuary:  ossuary_the_hunt_dpeg

Skill      XL: |  1  2  3  4  5 |
---------------+----------------+-----
Fighting       | 1 2 |  2.0
Ice Magic      | 4 5 |  5.0
Maces & Flails | 3 |  3.8
Dodging        | |  1.5
Stealth        | |  3.0
Spellcasting   | |  2.0
Conjurations   | |  1.0

Action                   |  1- 3 |  4- 6 || total
-------------------------+-------+-------++-------
Melee: Mace              |   203 |   105 ||   308
       Unarmed           |     3 |       ||     3
 Cast: Freeze            |    23 |    36 ||    59
 Abil: Spit Poison       |     7 |    16 ||    23
  Use: Potion            |     2 |     1 ||     3
 Stab: Sleeping          |     3 |     7 ||    10
  Eat: Ration            |     1 |       ||     1
       Chunk             |       |     5 ||     5
Armor: Robe              |    11 |    26 ||    37
Dodge: Dodged            |    33 |    76 ||   109
